Thunder vs Senators

Created - March 27, 2020 at 19:57

Goals
1 2 3 T
Thunder 0 1 0 1
Senators 2 3 2 7
Shots
1 2 3 T
Thunder 11 12 11 34
Senators 10 14 8 32

1st period

1. Senators , Michal Repik 10 (Jake Evans 5, Patrick Maroon 13) at 5:15
2. Senators , Matt Frattin 50 (Nick Foligno 46, Scott Harrington 35) at 11:15

Penalties :
Derek Forbort (TRO) for Hooking (Minor) at 6:19, Matt Frattin (BIN) for Roughing (Minor) at 18:50

2nd period

3. Thunder , Eric Fehr 45 (William Karlsson 57, Joey Ryan 28) at 1:23
4. Senators , Michal Repik 11 (Scott Harrington 36) at 6:09
5. Senators , Matt Frattin 51 (Nick Foligno 47, Keegan Lowe 32) at 6:19
6. Senators , Mason Geertsen 2 (Patrick Maroon 14, Jake Evans 6) at 14:58

Penalties :
No Penalty

3rd period

7. Senators , Grant Besse 15 (Warren Foegele 2, Blake Coleman 5) at 8:14
8. Senators , Zemgus Girgensons 17 (Matt Frattin 58, Nick Foligno 48) at 14:46

Penalties :
Jake Evans (BIN) for Boarding (Minor) at 0:52, Andy Andreoff (BIN) for Fighting (Major) at 3:17, Emil Johansson (TRO) for Fighting (Major) at 3:17, Joey Ryan (TRO) for Hooking (Minor) at 3:49, Adam Ollas-Mattsson (BIN) for Roughing (Minor) at 11:03, Eric Fehr (TRO) for Tripping (Minor) at 15:20, Jesper Pettersson (TRO) for Tripping (Minor) at 19:14

Goalie Stats

Niklas Treutle (TRO), 14 saves from 17 shots - (0.824), 33:41 minutes
Jussi Rynnas (TRO), 11 saves from 15 shots - (0.733), L, 5-12-3, 26:19 minutes
Justin Peters (BIN), 33 saves from 34 shots - (0.971), W, 25-19-4, 60:00 minutes

Players Stats for Thunder

Player Name              G  A  P  +/- PIM S  H  SB GA TA FO     MP     PP MP  PK MP  
------------------------------------------------------------------------------------
Artur Gavrus             0  0  0   0  0   0  0  0  0  0  0/0     0:00   0:00   0:00 
Austin Poganski          0  0  0  -3  0   0  0  1  0  0  0/0    12:00   0:00   0:00 
Austin Wuthrich          0  0  0  -1  0   1  1  0  0  0  0/0    18:27   2:12   0:00 
Colby Cave               0  0  0  -1  0   1  0  0  0  0  1/6     6:23   0:00   0:00 
Dany Roussin             0  0  0  -1  0   2  1  2  0  0  0/0    19:13   3:36   3:10 
David Wolf               0  0  0  -3  0   2  1  0  0  0  0/0    12:58   0:00   0:45 
Derek Forbort            0  0  0  -1  2   1  0  0  0  1  0/0    18:15   2:03   2:00 
Emil Johansson           0  0  0  -2  5   0  0  1  0  1  0/0     9:46   0:00   1:17 
Eric Fehr                1  0  1  -1  2   10 0  0  3  1  2/3    23:07   3:42   2:17 
Gianluca Curcuruto       0  0  0  -1  0   0  0  0  0  1  0/0    19:05   2:03   2:39 
Jamie McGinn             0  0  0  -1  0   3  0  0  0  0  0/0     6:23   0:00   0:00 
Jarrod Maidens           0  0  0   0  0   0  0  0  0  0  0/1     1:54   0:00   1:54 
Jesper Pettersson        0  0  0  -3  2   0  0  0  0  0  0/0    10:21   0:00   0:00 
Joey Ryan                0  1  1  -2  2   2  0  5  0  2  0/0    29:56   3:54   2:31 
Jordan Weal              0  0  0  -3  0   1  0  0  0  0  2/3    13:26   0:00   1:13 
Mackenze Stewart         0  0  0  -2  0   0  0  0  0  0  0/0     5:20   0:00   1:11 
Michael Schumacher       0  0  0   0  0   0  0  0  0  0  0/0     0:00   0:00   0:00 
Mike Hoffman             0  0  0  -1  0   3  2  0  2  0  0/0    21:09   2:12   2:42 
Nikolay Prokhorkin       0  0  0  -1  0   1  0  0  0  0  0/0     1:59   0:12   0:00 
Peter Andersson          0  0  0  -1  0   3  4  1  1  2  0/0    27:26   3:54   3:46 
Vincent Dunn             0  0  0   0  0   0  0  0  0  0  0/0     0:03   0:03   0:00 
William Karlsson         0  1  1  -1  0   3  1  0  0  0  16/29  17:35   3:42   1:23 
Zach Stepan              0  0  0  -1  0   1  2  0  0  1  3/9    18:27   2:12   0:00 

Players Stats for Senators

Player Name              G  A  P  +/- PIM S  H  SB GA TA FO     MP     PP MP  PK MP  
------------------------------------------------------------------------------------
Adam Ollas-Mattsson      0  0  0   3  2   0  0  1  0  0  0/0    10:41   0:00   0:00 
Andy Andreoff            0  0  0   0  5   5  1  0  1  0  1/1    14:46   2:13   1:59 
Blake Coleman            0  1  1   1  0   0  1  0  0  0  2/3     8:19   0:00   0:00 
Brett Bulmer             0  0  0   0  0   0  0  0  0  0  0/0     1:54   0:45   0:00 
Chandler Stephenson      0  0  0   0  0   0  3  0  0  0  5/8    14:35   3:13   0:00 
Dylan Blujus             0  0  0   0  0   1  3  0  1  0  0/0    18:39   2:55   2:04 
Grant Besse              1  0  1   1  0   4  2  0  0  0  0/0     8:38   0:03   0:00 
Jack Dougherty           0  0  0   0  0   0  0  1  0  1  0/0    18:39   2:55   2:04 
Jake Evans               0  2  2   3  2   0  0  0  0  0  0/2    10:36   0:00   0:00 
Keegan Lowe              0  1  1   3  0   2  1  1  1  0  0/0    30:23   3:47   3:53 
Mason Geertsen           1  0  1   3  0   1  0  0  0  0  0/0    10:58   0:00   0:00 
Matt Frattin             2  1  3   2  2   4  3  0  1  0  0/0    22:05   3:26   1:59 
Maxim Letunov            0  0  0   0  0   0  0  0  0  0  0/0     0:37   0:21   0:00 
Michal Repik             2  0  2   2  0   4  2  0  1  0  0/1    13:43   0:00   2:32 
Nick Foligno             0  3  3   2  0   3  1  0  0  0  5/9    23:59   3:26   3:47 
Patrick Maroon           0  2  2   3  0   3  2  1  0  0  0/0    11:45   0:00   1:13 
Pontus Sjalin            0  0  0   1  0   0  0  0  0  0  0/0     5:17   0:00   0:00 
Scott Harrington         0  2  2   2  0   1  2  2  1  5  0/0    25:28   3:47   3:53 
Tomas Jurco              0  0  0   0  0   3  0  1  1  0  0/0    14:35   3:13   0:00 
Warren Foegele           0  1  1   1  0   0  0  0  0  0  0/1     8:19   0:00   0:00 
Zemgus Girgensons        1  0  1   3  0   1  0  0  2  0  14/26  20:03   3:26   0:24 

3 Stars

1 - Matt Frattin (BIN)
2 - Michal Repik (BIN)
3 - Justin Peters (BIN)

Power Play

Thunder - 0 on 3 Attempt(s) - 0.00%
Senators - 0 on 4 Attempt(s) - 0.00%

Penalty Kill

Thunder - 4 on 4 Attempt(s) - 100.00% - Score 0 goal in Penalty Kill
Senators - 3 on 3 Attempt(s) - 100.00% - Score 0 goal in Penalty Kill

Team Stat

Thunder - Hits : 12 - Faceoff Wins : 24 - Blocked Shots : 10 - Penalty Minutes : 13
Senators - Hits : 21 - Faceoff Wins : 27 - Blocked Shots : 7 - Penalty Minutes : 11

Official

Referees : Unknown
Linesman : Unknown

Game Notes

Niklas Treutle enters game at 6:19 of 2nd period
Andy Andreoff beats up Emil Johansson at 3:17 of 3rd period

Finance

Level 1 -- Attendance: 1946 (97.30%) -- Ticket Income $64,218
Level 2 -- Attendance: 935 (93.50%) -- Ticket Income $14,025
Total Attendance: 2881 (96.03%)
Total Ticket Income: $78,243
Other Income: $3,912
Total Income: $82,155

Thunder

5 vs 5 Forward 
   Center                   Left Wing                Right Wing               Time % Phy DF OF 
 1 William Karlsson         Dany Roussin             Eric Fehr                40     1   2  2  
 2 Zach Stepan              Mike Hoffman             Austin Wuthrich          30     1   2  2  
 3 Jordan Weal              David Wolf               Austin Poganski          20     1   2  2  
 4 Colby Cave               Jamie McGinn             Eric Fehr                10     1   2  2  

5 vs 5 Defense 
   Defense                  Defense                                           Time % Phy DF OF 
 1 Joey Ryan                Peter Andersson                                   40     1   2  2  
 2 Derek Forbort            Gianluca Curcuruto                                30     1   2  2  
 3 Jesper Pettersson        Emil Johansson                                    20     1   2  2  
 4 Mackenze Stewart         Joey Ryan                                         10     1   2  2  

PowerPlay Forward 
   Center                   Left Wing                Right Wing               Time % Phy DF OF 
 1 William Karlsson         Dany Roussin             Eric Fehr                60     1   2  2  
 2 Zach Stepan              Mike Hoffman             Austin Wuthrich          40     1   2  2  

PowerPlay Defense
   Defense                  Defense                                           Time % Phy DF OF 
 1 Joey Ryan                Peter Andersson                                   60     1   2  2  
 2 Derek Forbort            Gianluca Curcuruto                                40     1   2  2  

Penalty Kill 4 Players Forward 
   Center                   Wing                     Time % Phy DF OF 
 1 Eric Fehr                Dany Roussin             60     1   2  2  
 2 William Karlsson         Mike Hoffman             40     1   2  2  

Penalty Kill 4 Players Defense
   Defense                  Defense                  Time % Phy DF OF 
 1 Joey Ryan                Peter Andersson          60     1   2  2  
 2 Derek Forbort            Gianluca Curcuruto       40     1   2  2  

Penalty Kill - 3 Players Forward 
   Forward                                           Time % Phy DF OF 
 1 Eric Fehr                                         60     1   2  2  
 2 Dany Roussin                                      40     1   2  2  

Penalty Kill - 3 Players Defense
   Defense                  Defense                  Time % Phy DF OF 
 1 Joey Ryan                Peter Andersson          60     1   2  2  
 2 Derek Forbort            Gianluca Curcuruto       40     1   2  2  

4 vs 4 Forward 
   Center                   Wing                     Time % Phy DF OF 
 1 Eric Fehr                Dany Roussin             60     1   2  2  
 2 William Karlsson         Mike Hoffman             40     1   2  2  

4 vs 4 Defense
   Defense                  Defense                  Time % Phy DF OF 
 1 Joey Ryan                Peter Andersson          60     1   2  2  
 2 Derek Forbort            Gianluca Curcuruto       40     1   2  2  

Last Minutes Offensive
   Center                   Left Wing                Right Wing               Defense                  Defense                  
   William Karlsson         Dany Roussin             Eric Fehr                Joey Ryan                Peter Andersson          

Last Minutes Defensive
   Center                   Left Wing                Right Wing               Defense                  Defense                  
   William Karlsson         Dany Roussin             Eric Fehr                Joey Ryan                Peter Andersson          

Goaltenders
Starting : Jussi Rynnas             
Backup : Niklas Treutle           

Extra Forwards
Normal : Nikolay Prokhorkin, Vincent Dunn, Jarrod Maidens - PP : Nikolay Prokhorkin, Vincent Dunn - PK : Jarrod Maidens
Extra Defensemen
Normal : Jesper Pettersson, Emil Johansson, Mackenze Stewart - PP : Jesper Pettersson - PK : Emil Johansson, Mackenze Stewart
Penalty Shots
Eric Fehr, Dany Roussin, William Karlsson, Mike Hoffman, David Wolf

Scratches
Trevor Lewis (Healthy), Mikko Vainonen (Right Eye Injury), Mason McDonald (Healthy)

Senators

5 vs 5 Forward 
   Center                   Left Wing                Right Wing               Time % Phy DF OF 
 1 Zemgus Girgensons        Nick Foligno             Matt Frattin             40     1   2  2  
 2 Chandler Stephenson      Andy Andreoff            Tomas Jurco              30     1   2  2  
 3 Jake Evans               Patrick Maroon           Michal Repik             20     1   2  2  
 4 Blake Coleman            Warren Foegele           Grant Besse              10     1   2  2  

5 vs 5 Defense 
   Defense                  Defense                                           Time % Phy DF OF 
 1 Keegan Lowe              Scott Harrington                                  40     1   2  2  
 2 Dylan Blujus             Jack Dougherty                                    30     1   2  2  
 3 Mason Geertsen           Adam Ollas-Mattsson                               20     1   2  2  
 4 Pontus Sjalin            Keegan Lowe                                       10     1   2  2  

PowerPlay Forward 
   Center                   Left Wing                Right Wing               Time % Phy DF OF 
 1 Zemgus Girgensons        Nick Foligno             Matt Frattin             60     1   2  2  
 2 Chandler Stephenson      Andy Andreoff            Tomas Jurco              40     1   2  2  

PowerPlay Defense
   Defense                  Defense                                           Time % Phy DF OF 
 1 Keegan Lowe              Scott Harrington                                  60     1   2  2  
 2 Dylan Blujus             Jack Dougherty                                    40     1   2  2  

Penalty Kill 4 Players Forward 
   Center                   Wing                     Time % Phy DF OF 
 1 Nick Foligno             Matt Frattin             60     1   2  2  
 2 Andy Andreoff            Patrick Maroon           40     1   2  2  

Penalty Kill 4 Players Defense
   Defense                  Defense                  Time % Phy DF OF 
 1 Keegan Lowe              Scott Harrington         60     1   2  2  
 2 Dylan Blujus             Jack Dougherty           40     1   2  2  

Penalty Kill - 3 Players Forward 
   Forward                                           Time % Phy DF OF 
 1 Nick Foligno                                      60     1   2  2  
 2 Matt Frattin                                      40     1   2  2  

Penalty Kill - 3 Players Defense
   Defense                  Defense                  Time % Phy DF OF 
 1 Keegan Lowe              Scott Harrington         60     1   2  2  
 2 Dylan Blujus             Jack Dougherty           40     1   2  2  

4 vs 4 Forward 
   Center                   Wing                     Time % Phy DF OF 
 1 Nick Foligno             Matt Frattin             60     1   2  2  
 2 Andy Andreoff            Patrick Maroon           40     1   2  2  

4 vs 4 Defense
   Defense                  Defense                  Time % Phy DF OF 
 1 Keegan Lowe              Scott Harrington         60     1   2  2  
 2 Dylan Blujus             Jack Dougherty           40     1   2  2  

Last Minutes Offensive
   Center                   Left Wing                Right Wing               Defense                  Defense                  
   Zemgus Girgensons        Nick Foligno             Matt Frattin             Keegan Lowe              Scott Harrington         

Last Minutes Defensive
   Center                   Left Wing                Right Wing               Defense                  Defense                  
   Zemgus Girgensons        Nick Foligno             Matt Frattin             Keegan Lowe              Scott Harrington         

Goaltenders
Starting : Justin Peters            
Backup : Stephon Williams         

Extra Forwards
Normal : Brett Bulmer, Maxim Letunov, Michal Repik - PP : Brett Bulmer, Maxim Letunov - PK : Michal Repik
Extra Defensemen
Normal : Mason Geertsen, Adam Ollas-Mattsson, Pontus Sjalin - PP : Mason Geertsen - PK : Adam Ollas-Mattsson, Pontus Sjalin
Penalty Shots
Nick Foligno, Matt Frattin, Andy Andreoff, Patrick Maroon, Tomas Jurco

Scratches
Jan Mursak (Healthy), Keven Bouchard (Healthy)

% Time on Ice - Thunder

Lines # - Real PCT - Wanted PCT - Time Play
Normal Forward
1 - 27% - 40% - 12:43
2 - 34% - 30% - 16:15
3 - 25% - 20% - 12:00
4 - 13% - 10% - 6:23
Normal Defense
1 - 41% - 40% - 19:25
2 - 30% - 30% - 14:13
3 - 22% - 20% - 10:22
4 - 7% - 10% - 3:21
PP Forward
1 - 63% - 60% - 3:45
2 - 37% - 40% - 2:12
PP Defense
1 - 66% - 60% - 3:54
2 - 34% - 40% - 2:03
PK Forward
1 - 84% - 60% - 5:37
2 - 16% - 40% - 1:05
PK Defense
1 - 58% - 60% - 3:55
2 - 42% - 40% - 2:47
PK3 Forward
1 - 0% - 60%
2 - 0% - 40%
PK3 Defense
1 - 0% - 60%
2 - 0% - 40%
44 Forward
1 - 0% - 60%
2 - 0% - 40%
44 Defense
1 - 0% - 60%
2 - 0% - 40%
Last Minute Offensive  - 0:00
Last Minute Defensive  - 0:00
Total
Forward - 60:00
Defense - 60:00

% Time on Ice - Senators

Lines # - Real PCT - Wanted PCT - Time Play
Normal Forward
1 - 36% - 40% - 16:52
2 - 25% - 30% - 11:38
3 - 22% - 20% - 10:32
4 - 18% - 10% - 8:19
Normal Defense
1 - 38% - 40% - 17:48
2 - 29% - 30% - 13:40
3 - 22% - 20% - 10:36
4 - 11% - 10% - 5:17
PP Forward
1 - 51% - 60% - 3:26
2 - 49% - 40% - 3:16
PP Defense
1 - 56% - 60% - 3:47
2 - 44% - 40% - 2:55
PK Forward
1 - 81% - 60% - 4:50
2 - 19% - 40% - 1:07
PK Defense
1 - 65% - 60% - 3:53
2 - 35% - 40% - 2:04
PK3 Forward
1 - 0% - 60%
2 - 0% - 40%
PK3 Defense
1 - 0% - 60%
2 - 0% - 40%
44 Forward
1 - 0% - 60%
2 - 0% - 40%
44 Defense
1 - 0% - 60%
2 - 0% - 40%
Last Minute Offensive  - 0:00
Last Minute Defensive  - 0:00
Total
Forward - 60:00
Defense - 60:00

Play-by-Play

1st period


0:01 of 1st period - William Karlsson wins face-off versus Zemgus Girgensons in neutral zone.
0:08 of 1st period - Wrist shot by Dany Roussin.
0:08 of 1st period - Shot Misses the Net.
0:26 of 1st period - Zemgus Girgensons is hit by Peter Andersson and loses puck.
0:53 of 1st period - Snap shot by Andy Andreoff.
0:53 of 1st period - Stopped by Jussi Rynnas without a rebound.
0:54 of 1st period - Andy Andreoff wins face-off versus Colby Cave in Thunder zone.
0:59 of 1st period - Snap shot by Andy Andreoff.
0:59 of 1st period - Stopped by Jussi Rynnas with a rebound.
1:19 of 1st period - Emil Johansson is hit by Dylan Blujus and loses puck.
1:28 of 1st period - Snap shot by Zach Stepan.
1:28 of 1st period - Shot Blocked by Patrick Maroon.
2:05 of 1st period - Wrist shot by David Wolf.
2:05 of 1st period - Deflect By Jordan Weal.
2:05 of 1st period - Shot Misses the Net.
2:05 of 1st period - Puck is out of play.
2:06 of 1st period - Chandler Stephenson wins face-off versus Zach Stepan in Senators zone.
2:21 of 1st period - Zach Stepan is hit by Chandler Stephenson and loses puck.
2:59 of 1st period - Snap shot by David Wolf.
2:59 of 1st period - Stopped by Justin Peters with a rebound.
3:07 of 1st period - Joey Ryan is hit by Patrick Maroon and loses puck.
3:16 of 1st period - Wrist shot by Michal Repik.
3:16 of 1st period - Shot Misses the Net.
3:50 of 1st period - Michal Repik is hit by Peter Andersson and loses puck.
4:03 of 1st period - Wrist shot by Patrick Maroon.
4:03 of 1st period - Stopped by Jussi Rynnas with a rebound.
4:37 of 1st period - Slapshot by David Wolf.
4:37 of 1st period - Stopped by Justin Peters with a rebound.
4:45 of 1st period - Snap shot by Michal Repik.
4:45 of 1st period - Stopped by Jussi Rynnas with a rebound.
4:47 of 1st period - Wrist shot by Patrick Maroon.
4:47 of 1st period - Shot Misses the Net.
4:55 of 1st period - Slapshot by Michal Repik.
4:55 of 1st period - Shot Blocked by Austin Poganski.
4:57 of 1st period - Backhand shot by Michal Repik.
4:57 of 1st period - Shot Misses the Net.
5:01 of 1st period - Snap shot by Patrick Maroon.
5:01 of 1st period - Shot Blocked by Joey Ryan.
5:11 of 1st period - Wrist shot by Michal Repik.
5:11 of 1st period - Shot Blocked by Joey Ryan.
5:15 of 1st period - Snap shot by Michal Repik.
5:15 of 1st period - Goal by Michal Repik - Thunder : 0 - Senators : 1.
5:16 of 1st period - William Karlsson wins face-off versus Zemgus Girgensons in neutral zone.
6:19 of 1st period - Minor Penalty to Derek Forbort for Hooking.
6:20 of 1st period - Eric Fehr wins face-off versus Zemgus Girgensons in Thunder zone.
8:19 of 1st period - Penalty to Derek Forbort is over, Derek Forbort is back on ice.
8:35 of 1st period - Mike Hoffman is hit by Grant Besse and loses puck.
9:04 of 1st period - Icing by Eric Fehr.
9:05 of 1st period - Zemgus Girgensons wins face-off versus Colby Cave in Thunder zone.
9:29 of 1st period - Wrist shot by Eric Fehr.
9:29 of 1st period - Shot Misses the Net.
9:31 of 1st period - Slapshot by Joey Ryan.
9:31 of 1st period - Stopped by Justin Peters with a rebound.
9:33 of 1st period - Wrist shot by Jamie McGinn.
9:33 of 1st period - Stopped by Justin Peters with a rebound.
9:35 of 1st period - Slapshot by Mackenze Stewart.
9:35 of 1st period - Deflect By Eric Fehr.
9:35 of 1st period - Stopped by Justin Peters without a rebound.
9:36 of 1st period - Chandler Stephenson wins face-off versus Zach Stepan in Senators zone.
9:41 of 1st period - Gianluca Curcuruto is hit by Chandler Stephenson and loses puck.
10:04 of 1st period - Dylan Blujus is hit by David Wolf and loses puck.
10:33 of 1st period - Derek Forbort is hit by Scott Harrington and loses puck.
11:09 of 1st period - Wrist shot by Zemgus Girgensons.
11:09 of 1st period - Shot Misses the Net.
11:11 of 1st period - Slapshot by Scott Harrington.
11:11 of 1st period - Shot Misses the Net.
11:13 of 1st period - Wrist shot by Nick Foligno.
11:13 of 1st period - Shot Misses the Net.
11:15 of 1st period - Wrist shot by Matt Frattin.
11:15 of 1st period - Goal by Matt Frattin - Thunder : 0 - Senators : 2.
11:16 of 1st period - William Karlsson wins face-off versus Zemgus Girgensons in neutral zone.
11:19 of 1st period - Matt Frattin is hit by William Karlsson and loses puck.
11:23 of 1st period - Icing by Matt Frattin.
11:24 of 1st period - Zemgus Girgensons wins face-off versus William Karlsson in Senators zone.
11:35 of 1st period - Snap shot by Nick Foligno.
11:35 of 1st period - Stopped by Jussi Rynnas with a rebound.
11:37 of 1st period - Wrist shot by Nick Foligno.
11:37 of 1st period - Deflect By Dany Roussin.
11:37 of 1st period - Shot Misses the Net.
11:37 of 1st period - Puck is out of play.
11:38 of 1st period - Zemgus Girgensons wins face-off versus William Karlsson in Thunder zone.
12:10 of 1st period - Snap shot by Mike Hoffman.
12:10 of 1st period - Stopped by Justin Peters with a rebound.
12:12 of 1st period - Wrist shot by Mike Hoffman.
12:12 of 1st period - Stopped by Justin Peters with a rebound.
13:14 of 1st period - Wrist shot by Jordan Weal.
13:14 of 1st period - Stopped by Justin Peters without a rebound.
13:15 of 1st period - Zemgus Girgensons wins face-off versus William Karlsson in Senators zone.
13:42 of 1st period - Dylan Blujus is hit by Peter Andersson and loses puck.
14:03 of 1st period - Wrist shot by Jamie McGinn.
14:03 of 1st period - Shot Blocked by Tomas Jurco.
14:08 of 1st period - Off-side.
14:09 of 1st period - Zemgus Girgensons wins face-off versus William Karlsson in neutral zone.
14:12 of 1st period - Slapshot by Nick Foligno.
14:12 of 1st period - Stopped by Jussi Rynnas without a rebound.
14:13 of 1st period - William Karlsson wins face-off versus Zemgus Girgensons in Thunder zone.
14:40 of 1st period - Snap shot by Andy Andreoff.
14:40 of 1st period - Shot Misses the Net.
14:42 of 1st period - Wrist shot by Tomas Jurco.
14:42 of 1st period - Deflect By Andy Andreoff.
14:42 of 1st period - Stopped by Jussi Rynnas without a rebound.
14:43 of 1st period - Chandler Stephenson wins face-off versus Zach Stepan in Thunder zone.
15:28 of 1st period - Icing by Nick Foligno.
15:29 of 1st period - Jordan Weal wins face-off versus Zemgus Girgensons in Senators zone.
17:00 of 1st period - Snap shot by William Karlsson.
17:00 of 1st period - Stopped by Justin Peters without a rebound.
17:01 of 1st period - Chandler Stephenson wins face-off versus William Karlsson in Senators zone.
17:36 of 1st period - Snap shot by Mike Hoffman.
17:36 of 1st period - Shot Blocked by Jack Dougherty.
18:31 of 1st period - Snap shot by Chandler Stephenson.
18:31 of 1st period - Shot Misses the Net.
18:33 of 1st period - Wrist shot by Tomas Jurco.
18:33 of 1st period - Stopped by Jussi Rynnas without a rebound.
18:34 of 1st period - William Karlsson wins face-off versus Zemgus Girgensons in Thunder zone.
18:34 of 1st period - William Karlsson is hit by Scott Harrington.
18:50 of 1st period - Minor Penalty to Matt Frattin for Roughing.
18:51 of 1st period - Nick Foligno wins face-off versus William Karlsson in Senators zone.
19:00 of 1st period - Snap shot by Dany Roussin.
19:00 of 1st period - Deflect By Eric Fehr.
19:00 of 1st period - Shot Misses the Net.
19:00 of 1st period - Puck is out of play.
19:01 of 1st period - William Karlsson wins face-off versus Michal Repik in Senators zone.
19:04 of 1st period - Snap shot by William Karlsson.
19:04 of 1st period - Shot Misses the Net.
19:06 of 1st period - Snap shot by William Karlsson.
19:06 of 1st period - Stopped by Justin Peters without a rebound.
19:07 of 1st period - William Karlsson wins face-off versus Nick Foligno in Senators zone.
19:08 of 1st period - Wrist shot by Dany Roussin.
19:08 of 1st period - Shot Misses the Net.
19:10 of 1st period - Slapshot by Peter Andersson.
19:10 of 1st period - Stopped by Justin Peters without a rebound.
19:11 of 1st period - William Karlsson wins face-off versus Nick Foligno in Senators zone.
19:36 of 1st period - Nick Foligno is hit by Zach Stepan.
Goals for this period are 0 for Thunder vs 2 for Senators.
Shots for this period are 11 for Thunder vs 10 for Senators.

2nd period


0:01 of 2nd period - Nick Foligno wins face-off versus William Karlsson in neutral zone.
0:09 of 2nd period - Off-side.
0:10 of 2nd period - William Karlsson wins face-off versus Nick Foligno in neutral zone.
0:31 of 2nd period - Snap shot by Eric Fehr.
0:31 of 2nd period - Stopped by Justin Peters with a rebound.
0:50 of 2nd period - Penalty to Matt Frattin is over, Matt Frattin is back on ice.
0:51 of 2nd period - Wrist shot by Eric Fehr.
0:51 of 2nd period - Shot Misses the Net.
0:53 of 2nd period - Slapshot by Eric Fehr.
0:53 of 2nd period - Stopped by Justin Peters with a rebound.
0:59 of 2nd period - Snap shot by Eric Fehr.
0:59 of 2nd period - Shot Misses the Net.
1:01 of 2nd period - Slapshot by Peter Andersson.
1:01 of 2nd period - Stopped by Justin Peters with a rebound.
1:03 of 2nd period - Snap shot by Dany Roussin.
1:03 of 2nd period - Stopped by Justin Peters with a rebound.
1:05 of 2nd period - Snap shot by Eric Fehr.
1:05 of 2nd period - Stopped by Justin Peters with a rebound.
1:07 of 2nd period - Slapshot by Peter Andersson.
1:07 of 2nd period - Deflect By Nick Foligno.
1:07 of 2nd period - Stopped by Justin Peters with a rebound.
1:09 of 2nd period - Slapshot by Joey Ryan.
1:09 of 2nd period - Deflect By Matt Frattin.
1:09 of 2nd period - Stopped by Justin Peters with a rebound.
1:21 of 2nd period - Wrist shot by William Karlsson.
1:21 of 2nd period - Shot Misses the Net.
1:23 of 2nd period - Snap shot by Eric Fehr.
1:23 of 2nd period - Goal by Eric Fehr - Thunder : 1 - Senators : 2.
1:24 of 2nd period - Zach Stepan wins face-off versus Chandler Stephenson in neutral zone.
1:39 of 2nd period - Wrist shot by Chandler Stephenson.
1:39 of 2nd period - Shot Misses the Net.
1:49 of 2nd period - David Wolf is hit by Grant Besse and loses puck.
2:10 of 2nd period - Snap shot by Patrick Maroon.
2:10 of 2nd period - Stopped by Jussi Rynnas with a rebound.
2:38 of 2nd period - David Wolf is hit by Matt Frattin and loses puck.
3:24 of 2nd period - Chandler Stephenson is hit by Dany Roussin and loses puck.
3:47 of 2nd period - Wrist shot by Dylan Blujus.
3:47 of 2nd period - Deflect By Blake Coleman.
3:47 of 2nd period - Shot Misses the Net.
3:47 of 2nd period - Puck is out of play.
3:48 of 2nd period - Blake Coleman wins face-off versus Colby Cave in Thunder zone.
3:51 of 2nd period - Slapshot by Grant Besse.
3:51 of 2nd period - Stopped by Jussi Rynnas with a rebound.
4:32 of 2nd period - Wrist shot by Michal Repik.
4:32 of 2nd period - Stopped by Jussi Rynnas with a rebound.
5:00 of 2nd period - Wrist shot by Chandler Stephenson.
5:00 of 2nd period - Shot Blocked by Joey Ryan.
5:16 of 2nd period - Slapshot by Jamie McGinn.
5:16 of 2nd period - Stopped by Justin Peters with a rebound.
5:22 of 2nd period - Joey Ryan is hit by Nick Foligno and loses puck.
5:45 of 2nd period - Slapshot by Warren Foegele.
5:45 of 2nd period - Shot Misses the Net.
6:09 of 2nd period - Wrist shot by Michal Repik.
6:09 of 2nd period - Goal by Michal Repik - Thunder : 1 - Senators : 3.
6:10 of 2nd period - Zemgus Girgensons wins face-off versus William Karlsson in neutral zone.
6:19 of 2nd period - Wrist shot by Matt Frattin.
6:19 of 2nd period - Goal by Matt Frattin - Thunder : 1 - Senators : 4.
6:19 of 2nd period - Niklas Treutle enters game.
6:20 of 2nd period - William Karlsson wins face-off versus Zemgus Girgensons in neutral zone.
6:45 of 2nd period - Zach Stepan is hit by Chandler Stephenson and loses puck.
7:10 of 2nd period - Slapshot by Keegan Lowe.
7:10 of 2nd period - Deflect By Patrick Maroon.
7:10 of 2nd period - Stopped by Niklas Treutle with a rebound.
8:08 of 2nd period - Jamie McGinn is hit by Andy Andreoff.
8:52 of 2nd period - Off-side.
8:53 of 2nd period - Zemgus Girgensons wins face-off versus Zach Stepan in neutral zone.
9:54 of 2nd period - William Karlsson is hit by Michal Repik and loses puck.
10:07 of 2nd period - Jesper Pettersson is hit by Matt Frattin and loses puck.
11:23 of 2nd period - Slapshot by Tomas Jurco.
11:23 of 2nd period - Stopped by Niklas Treutle with a rebound.
11:25 of 2nd period - Slapshot by Keegan Lowe.
11:25 of 2nd period - Stopped by Niklas Treutle without a rebound.
11:26 of 2nd period - Nick Foligno wins face-off versus Zach Stepan in Thunder zone.
11:41 of 2nd period - Wrist shot by Mike Hoffman.
11:41 of 2nd period - Shot Blocked by Adam Ollas-Mattsson.
12:19 of 2nd period - Slapshot by Dylan Blujus.
12:19 of 2nd period - Stopped by Niklas Treutle without a rebound.
12:20 of 2nd period - Zemgus Girgensons wins face-off versus William Karlsson in Thunder zone.
12:54 of 2nd period - Slapshot by Andy Andreoff.
12:54 of 2nd period - Stopped by Niklas Treutle with a rebound.
13:28 of 2nd period - Snap shot by Eric Fehr.
13:28 of 2nd period - Stopped by Justin Peters with a rebound.
13:40 of 2nd period - Slapshot by Grant Besse.
13:40 of 2nd period - Shot Misses the Net.
13:50 of 2nd period - Wrist shot by Grant Besse.
13:50 of 2nd period - Stopped by Niklas Treutle with a rebound.
14:04 of 2nd period - Slapshot by Eric Fehr.
14:04 of 2nd period - Shot Blocked by Scott Harrington.
14:34 of 2nd period - Wrist shot by Michal Repik.
14:34 of 2nd period - Shot Blocked by Emil Johansson.
14:36 of 2nd period - Snap shot by Scott Harrington.
14:36 of 2nd period - Stopped by Niklas Treutle without a rebound.
14:37 of 2nd period - Zach Stepan wins face-off versus Jake Evans in Thunder zone.
14:56 of 2nd period - Slapshot by Patrick Maroon.
14:56 of 2nd period - Shot Misses the Net.
14:58 of 2nd period - Slapshot by Mason Geertsen.
14:58 of 2nd period - Goal by Mason Geertsen - Thunder : 1 - Senators : 5.
14:59 of 2nd period - William Karlsson wins face-off versus Zemgus Girgensons in neutral zone.
15:58 of 2nd period - Icing by Jordan Weal.
15:59 of 2nd period - Zemgus Girgensons wins face-off versus Jordan Weal in Thunder zone.
16:36 of 2nd period - Wrist shot by Eric Fehr.
16:36 of 2nd period - Stopped by Justin Peters without a rebound.
16:37 of 2nd period - Zemgus Girgensons wins face-off versus Zach Stepan in Senators zone.
16:37 of 2nd period - Zemgus Girgensons is hit by Mike Hoffman.
17:02 of 2nd period - Zach Stepan is hit by Patrick Maroon and loses puck.
17:15 of 2nd period - Snap shot by Michal Repik.
17:15 of 2nd period - Shot Misses the Net.
17:47 of 2nd period - Peter Andersson is hit by Dylan Blujus and loses puck.
18:23 of 2nd period - Wrist shot by Joey Ryan.
18:23 of 2nd period - Shot Misses the Net.
19:11 of 2nd period - Snap shot by Austin Wuthrich.
19:11 of 2nd period - Stopped by Justin Peters with a rebound.
19:24 of 2nd period - Wrist shot by Nick Foligno.
19:24 of 2nd period - Stopped by Niklas Treutle with a rebound.
19:26 of 2nd period - Wrist shot by Keegan Lowe.
19:26 of 2nd period - Shot Blocked by Joey Ryan.
19:28 of 2nd period - Wrist shot by Matt Frattin.
19:28 of 2nd period - Shot Blocked by Peter Andersson.
Goals for this period are 1 for Thunder vs 3 for Senators.
Shots for this period are 12 for Thunder vs 14 for Senators.

3rd period


0:01 of 3rd period - Chandler Stephenson wins face-off versus William Karlsson in neutral zone.
0:16 of 3rd period - Wrist shot by Tomas Jurco.
0:16 of 3rd period - Shot Misses the Net.
0:52 of 3rd period - Minor Penalty to Jake Evans for Boarding.
0:53 of 3rd period - Nick Foligno wins face-off versus William Karlsson in Senators zone.
2:52 of 3rd period - Penalty to Jake Evans is over, Jake Evans is back on ice.
3:02 of 3rd period - Snap shot by Grant Besse.
3:02 of 3rd period - Shot Blocked by Joey Ryan.
3:08 of 3rd period - Wrist shot by Grant Besse.
3:08 of 3rd period - Stopped by Niklas Treutle without a rebound.
3:09 of 3rd period - Jordan Weal wins face-off versus Chandler Stephenson in Thunder zone.
3:17 of 3rd period - Andy Andreoff beats up Emil Johansson.
3:17 of 3rd period - Penalty to Andy Andreoff for Fighting.
3:17 of 3rd period - Penalty to Emil Johansson for Fighting.
3:18 of 3rd period - William Karlsson wins face-off versus Chandler Stephenson in Senators zone.
3:21 of 3rd period - Slapshot by Eric Fehr.
3:21 of 3rd period - Shot Blocked by Keegan Lowe.
3:23 of 3rd period - Snap shot by William Karlsson.
3:23 of 3rd period - Shot Misses the Net.
3:25 of 3rd period - Slapshot by Peter Andersson.
3:25 of 3rd period - Shot Misses the Net.
3:49 of 3rd period - Minor Penalty to Joey Ryan for Hooking.
3:50 of 3rd period - Eric Fehr wins face-off versus Zemgus Girgensons in Thunder zone.
3:50 of 3rd period - Eric Fehr is hit by Keegan Lowe.
4:03 of 3rd period - Wrist shot by Matt Frattin.
4:03 of 3rd period - Stopped by Niklas Treutle with a rebound.
4:05 of 3rd period - Slapshot by Keegan Lowe.
4:05 of 3rd period - Shot Misses the Net.
4:21 of 3rd period - Snap shot by Chandler Stephenson.
4:21 of 3rd period - Shot Misses the Net.
4:23 of 3rd period - Wrist shot by Tomas Jurco.
4:23 of 3rd period - Shot Blocked by Dany Roussin.
4:25 of 3rd period - Slapshot by Tomas Jurco.
4:25 of 3rd period - Stopped by Niklas Treutle with a rebound.
5:49 of 3rd period - Penalty to Joey Ryan is over, Joey Ryan is back on ice.
7:45 of 3rd period - Chandler Stephenson is hit by Mike Hoffman and loses puck.
7:58 of 3rd period - Snap shot by Jamie McGinn.
7:58 of 3rd period - Shot Misses the Net.
8:00 of 3rd period - Snap shot by Nikolay Prokhorkin.
8:00 of 3rd period - Stopped by Justin Peters with a rebound.
8:02 of 3rd period - Snap shot by Colby Cave.
8:02 of 3rd period - Stopped by Justin Peters without a rebound.
8:03 of 3rd period - Colby Cave wins face-off versus Blake Coleman in Senators zone.
8:14 of 3rd period - Wrist shot by Grant Besse.
8:14 of 3rd period - Goal by Grant Besse - Thunder : 1 - Senators : 6.
8:15 of 3rd period - Zemgus Girgensons wins face-off versus William Karlsson in neutral zone.
8:22 of 3rd period - Wrist shot by Dany Roussin.
8:22 of 3rd period - Stopped by Justin Peters with a rebound.
8:24 of 3rd period - Wrist shot by William Karlsson.
8:24 of 3rd period - Shot Misses the Net.
9:13 of 3rd period - Snap shot by Zach Stepan.
9:13 of 3rd period - Shot Misses the Net.
9:15 of 3rd period - Slapshot by Derek Forbort.
9:15 of 3rd period - Stopped by Justin Peters without a rebound.
9:16 of 3rd period - William Karlsson wins face-off versus Zemgus Girgensons in Senators zone.
9:23 of 3rd period - Snap shot by William Karlsson.
9:23 of 3rd period - Stopped by Justin Peters without a rebound.
9:24 of 3rd period - Zemgus Girgensons wins face-off versus William Karlsson in Senators zone.
10:01 of 3rd period - Jordan Weal is hit by Dylan Blujus and loses puck.
10:21 of 3rd period - Snap shot by Mike Hoffman.
10:21 of 3rd period - Shot Misses the Net.
10:53 of 3rd period - Snap shot by Grant Besse.
10:53 of 3rd period - Deflect By Blake Coleman.
10:53 of 3rd period - Shot Misses the Net.
10:53 of 3rd period - Puck is out of play.
10:54 of 3rd period - Blake Coleman wins face-off versus Colby Cave in Thunder zone.
11:00 of 3rd period - Icing by Jamie McGinn.
11:01 of 3rd period - Zemgus Girgensons wins face-off versus Colby Cave in Thunder zone.
11:03 of 3rd period - Minor Penalty to Adam Ollas-Mattsson for Roughing.
11:04 of 3rd period - William Karlsson wins face-off versus Nick Foligno in Senators zone.
11:08 of 3rd period - Snap shot by Eric Fehr.
11:08 of 3rd period - Shot Misses the Net.
11:54 of 3rd period - Dylan Blujus is hit by Austin Wuthrich and loses puck.
13:03 of 3rd period - Penalty to Adam Ollas-Mattsson is over, Adam Ollas-Mattsson is back on ice.
13:25 of 3rd period - Jordan Weal is hit by Blake Coleman and loses puck.
13:36 of 3rd period - David Wolf is hit by Michal Repik and loses puck.
14:11 of 3rd period - Wrist shot by Colby Cave.
14:11 of 3rd period - Shot Misses the Net.
14:13 of 3rd period - Slapshot by Jamie McGinn.
14:13 of 3rd period - Stopped by Justin Peters without a rebound.
14:14 of 3rd period - Zach Stepan wins face-off versus Warren Foegele in Senators zone.
14:21 of 3rd period - Slapshot by Joey Ryan.
14:21 of 3rd period - Shot Misses the Net.
14:23 of 3rd period - Wrist shot by Mike Hoffman.
14:23 of 3rd period - Stopped by Justin Peters with a rebound.
14:25 of 3rd period - Snap shot by Mike Hoffman.
14:25 of 3rd period - Shot Misses the Net.
14:27 of 3rd period - Snap shot by Zach Stepan.
14:27 of 3rd period - Stopped by Justin Peters with a rebound.
14:37 of 3rd period - Joey Ryan is hit by Matt Frattin and loses puck.
14:44 of 3rd period - Wrist shot by Matt Frattin.
14:44 of 3rd period - Stopped by Niklas Treutle with a rebound.
14:46 of 3rd period - Wrist shot by Matt Frattin.
14:46 of 3rd period - Deflect By Zemgus Girgensons.
14:46 of 3rd period - Goal by Zemgus Girgensons - Thunder : 1 - Senators : 7.
14:47 of 3rd period - William Karlsson wins face-off versus Zemgus Girgensons in neutral zone.
14:52 of 3rd period - Nick Foligno is hit by Peter Andersson and loses puck.
15:20 of 3rd period - Minor Penalty to Eric Fehr for Tripping.
15:21 of 3rd period - Nick Foligno wins face-off versus Jarrod Maidens in Thunder zone.
15:59 of 3rd period - Wrist shot by Andy Andreoff.
15:59 of 3rd period - Shot Misses the Net.
16:01 of 3rd period - Wrist shot by Andy Andreoff.
16:01 of 3rd period - Stopped by Niklas Treutle with a rebound.
16:03 of 3rd period - Slapshot by Keegan Lowe.
16:03 of 3rd period - Stopped by Niklas Treutle with a rebound.
16:05 of 3rd period - Slapshot by Keegan Lowe.
16:05 of 3rd period - Shot Misses the Net.
17:20 of 3rd period - Penalty to Eric Fehr is over, Eric Fehr is back on ice.
17:31 of 3rd period - Slapshot by Eric Fehr.
17:31 of 3rd period - Stopped by Justin Peters with a rebound.
17:33 of 3rd period - Snap shot by Eric Fehr.
17:33 of 3rd period - Stopped by Justin Peters with a rebound.
17:35 of 3rd period - Wrist shot by Eric Fehr.
17:35 of 3rd period - Deflect By Colby Cave.
17:35 of 3rd period - Shot Blocked by Scott Harrington.
17:35 of 3rd period - Puck is out of play.
17:36 of 3rd period - William Karlsson wins face-off versus Jake Evans in Senators zone.
17:37 of 3rd period - Wrist shot by Eric Fehr.
17:37 of 3rd period - Stopped by Justin Peters with a rebound.
17:43 of 3rd period - Snap shot by Michal Repik.
17:43 of 3rd period - Shot Blocked by Dany Roussin.
18:03 of 3rd period - Adam Ollas-Mattsson is hit by Zach Stepan and loses puck.
19:12 of 3rd period - Snap shot by Patrick Maroon.
19:12 of 3rd period - Shot Misses the Net.
19:14 of 3rd period - Minor Penalty to Jesper Pettersson for Tripping.
19:15 of 3rd period - Zemgus Girgensons wins face-off versus Eric Fehr in Thunder zone.
Goals for this period are 0 for Thunder vs 2 for Senators.
Shots for this period are 11 for Thunder vs 8 for Senators.